AoeStats
← megarando

Glade

510627085Analyzed
1v1 RM · 2d ago on Oct 1, 2026· 59m 23s· 2 players
Game mode
Random Map
Map size
Tiny (2 player)
Population
200
Speed
Normal
Resources
Standard
Victory
Conquest
Starting age
Dark Age
Ending age
Imperial Age
RankedLock teamsTeams togetherTeam positionsShared explorationLock speedFull tech treeHidden civsTurbo modeCheats
Victory
Defeat
🇺🇸 Ethiopians · United States
919
+14
🇸🇮 Teutons · Slovenia
885
-14
qwer317
7:34 Loom
10:54 Feudal Age
15:01 Wheelbarrow
15:29 Double-Bit Axe
17:32 Horse Collar
19:44 Fletching
20:58 Horse Collar
21:26 Horse Collar
25:18 Castle Age
27:08 Hand Cart
27:21 Scale Mail Armor
29:01 Forging
30:44 Bow Saw
31:29 Iron Casting
31:25 Heavy Plow
32:34 Town Watch
35:06 Chain Mail Armor
35:37 Ballistics
38:11 Gold Mining
42:01 Imperial Age
39:53 Stone Mining
40:45 Ironclad
41:47 Bodkin Arrow
42:46 Stone Shaft Mining
42:35 Squires
44:48 Plate Mail Armor
46:22 Conscription
48:58 Bloodlines
48:13 Elite Teutonic Knight
49:10 Cavalier
51:59 Heavy Scorpion
53:05 Scale Barding Armor
55:12 Chain Barding Armor
megarando
9:21 Loom
12:11 Feudal Age
13:08 Man-at-Arms
15:36 Scale Mail Armor
16:22 Arson
23:39 Castle Age
23:55 Long Swordsman
24:56 Chain Mail Armor
25:02 Double-Bit Axe
26:12 Stone Mining
32:23 Bow Saw
31:54 Horse Collar
32:58 Heavy Plow
34:24 Stone Shaft Mining
35:04 Gold Mining
36:03 Wheelbarrow
35:16 Town Watch
36:55 Gold Shaft Mining
38:18 Squires
41:52 Imperial Age
40:04 Fletching
41:32 Hand Cart
41:18 Town Patrol
43:33 Chemistry
41:59 Capped Ram
43:13 Plate Mail Armor
44:11 Two-Man Saw
44:30 Siege Engineers
45:05 Conscription
45:08 Bodkin Arrow
45:14 Padded Archer Armor
48:10 Bracer
48:24 Masonry
48:46 Thumb Ring
48:01 Crossbowman
49:05 Arbalester
50:49 Torsion Engines
51:11 Forging
52:04 Ballistics
52:15 Architecture
54:41 Halberdier
54:42 Two-Handed Swordsman
Connection lost

Rejoining the realm…

Still unreachable

The connection could not be restored.

Session expired

The server has moved on; the page needs a fresh start.